 Dungeon Crawl Stone Soup version 0.24.0-123-gd5b16e6ec5 (webtiles) character file.

Game seed: 17608167972842329745, levelgen mode: deterministic

264 Delamore the Cleaver (level 6, 0/51 HPs)
             Began as a Hill Orc Fighter on Dec 22, 2019.
             Was an Initiate of Okawaru.
             Slain by Grinder (3 damage)
             ... on level 4 of the Dungeon.
             The game lasted 00:02:25 (2650 turns).

Delamore the Cleaver (Hill Orc Fighter)             Turns: 2650, Time: 00:02:26

Health: 0/51       AC:  6    Str: 21    XL:     6   Next: 19%
Magic:  6/6        EV:  7    Int:  8    God:    Okawaru [......]
Gold:   169        SH:  9    Dex: 10    Spells: 5/5 levels left

rFire    . . .     SeeInvis .   a - +0 war axe
rCold    . . .     Gourm    .   l - +0 shield (curse)
rNeg     . . .     Faith    .   b - +0 scale mail
rPois    .         Spirit   .   (no helmet)
rElec    .         Reflect  .   (no cloak)
rCorr    .         Harm     .   (no gloves)
MR       .....                  (no boots)
Stlth    ..........             (no amulet)
HPRegen  0.17/turn              (no ring)
MPRegen  0.10/turn              (no ring)

@: no status effects
A: no striking features
a: Renounce Religion


You were on level 4 of the Dungeon.
You worshipped Okawaru.
Okawaru was noncommittal.
You were not hungry.

You visited 1 branch of the dungeon, and saw 4 of its levels.

You collected 169 gold pieces.

Inventory:

Hand Weapons
 a - a +0 war axe (weapon)
Armour
 b - a +0 scale mail (worn)
 c - a +0 shield
 l - a cursed +0 shield (worn)
Jewellery
 e - an uncursed ring of stealth {unknown}
Wands
 h - a wand of iceblast (10)
Scrolls
 g - 5 scrolls of teleportation {unknown}
 i - 3 scrolls of identify {unknown}
 k - a scroll of fog {unknown}
Potions
 j - a potion of haste
 m - a potion of heal wounds {unknown}
Comestibles
 d - 5 chunks of flesh
 f - 6 rations


   Skills:
 - Level 3.6 Fighting
 + Level 8.4 Axes
 - Level 3.2 Armour
 - Level 3.2 Shields


You had 5 spell levels left.
You didn't know any spells.
Your spell library was empty.

Dungeon Overview and Level Annotations

Branches:
Dungeon (4/15)
 Temple: D:4-7

Altars:
Nemelex Xobeh
Okawaru
Yredelemnul
The Shining One

Annotations:
D:4 Grinder


Message History

* * * LOW HITPOINT WARNING * * *
You are too injured to fight recklessly!
You are too injured to fight recklessly!
You are too injured to fight recklessly!
You are too injured to fight recklessly!
You are too injured to fight recklessly!
You are too injured to fight recklessly!
You are too injured to fight recklessly!
You are too injured to fight recklessly!
You are too injured to fight recklessly!
You are too injured to fight recklessly!
You are too injured to fight recklessly!
You are too injured to fight recklessly!
You are too injured to fight recklessly!
You closely miss Grinder.
Grinder is heavily wounded.
Grinder hits you!
* * * LOW HITPOINT WARNING * * *
You writhe in agony.
You die...

........# ##.#
........####...
..............#
.......<....#
#.........<##
##........## #
##......## ..#
#.......###.....
...#..#...@5......
.....######.....##
#...# #....# #..#
....# ... ...#
.#.# ##.# ##


You could see Grinder.

Vanquished Creatures
  2 jellies (D:2)
  Terence (D:2)
  An orc wizard (D:3)
  A gnoll (D:3)
  3 adders
  8 oozes (D:2)
  3 worms
  A dart slug (D:2)
  2 leopard geckos
  4 orcs (D:3)
  A ball python (D:1)
  7 bats
  3 giant cockroaches
  9 goblins
  7 hobgoblins
  A jackal (D:3)
  9 kobolds
  A quokka (D:2)
  4 frilled lizards
  3 rats
71 creatures vanquished.

Vanquished Creatures (others)
  10 toadstools (D:2)
10 creatures vanquished.

Grand Total: 81 creatures vanquished

Notes
Turn   | Place    | Note
-------+----------+-------------------------------------------
     0 | D:1      | Delamore the Hill Orc Fighter began the quest for the Orb.
     0 | D:1      | Reached XP level 1. HP: 19/19 MP: 1/1
   141 | D:1      | Reached skill level 3 in Axes
   358 | D:1      | Reached XP level 2. HP: 26/26 MP: 2/2
   481 | D:1      | Reached skill level 4 in Axes
   710 | D:2      | Reached XP level 3. HP: 29/31 MP: 3/3
   783 | D:2      | Found a sparkling altar of Nemelex Xobeh.
   788 | D:2      | Reached skill level 5 in Axes
   869 | D:2      | Noticed Terence
   885 | D:2      | Killed Terence
   885 | D:2      | Reached XP level 4. HP: 30/39 MP: 4/4
   982 | D:2      | Reached skill level 6 in Axes
  1232 | D:2      | Reached XP level 5. HP: 44/45 MP: 5/5
  1238 | D:2      | Reached skill level 7 in Axes
  1740 | D:3      | Reached skill level 8 in Axes
  1740 | D:3      | Reached XP level 6. HP: 51/51 MP: 6/6
  2338 | D:3      | Found an iron altar of Okawaru.
  2338 | D:3      | Found a glowing golden altar of the Shining One.
  2342 | D:3      | Became a worshipper of Warmaster Okawaru
  2559 | D:3      | Found a basalt altar of Yredelemnul.
  2636 | D:4      | Noticed Grinder
  2650 | D:4      | Slain by Grinder

Levels and vault maps discovered:
D:1:      ncdulo_watergridlock, layout_basic
D:2:      cheibrodos_fertilizer, layout_loops_ring,
          nicolae_overflow_crystal_walls, serial_forest,
          infiniplex_forest_clump_double, infiniplex_forest_clump_tiny,
          infiniplex_forest_lined_2, infiniplex_forest_lined_room_3,
          infiniplex_forest_join, infiniplex_forest_zigzag_2,
          infiniplex_forest_clump_small, infiniplex_forest_end_3,
          infiniplex_forest_clump_curved, uniq_terence
D:3:      layout_loops_corners, gammafunk_temple_overflow_elements,
          marbit_many_paths, minmay_checkerbox
D:4:      layout_layer_cave, uniq_grinder, uniq_eustachio, uniq_menkaure,
          uniq_robin

Skill      XL: |  1  2  3  4  5 |
---------------+----------------+-----
Axes           | 3 4 5 6 8 |  8.4
Fighting       | |  3.6
Armour         | |  3.2
Shields        | |  3.2

Action                   |  1- 3 |  4- 6 || total
-------------------------+-------+-------++-------
Melee: War axe           |    71 |   132 ||   203
  Use: Potion            |       |     2 ||     2
  Eat: Chunk             |       |     6 ||     6
Armor: Scale mail        |    46 |    49 ||    95
Dodge: Dodged            |    22 |    40 ||    62
Block: Shield            |    46 |    53 ||    99
